 Dungeon Crawl Stone Soup version 0.29-a0-375-g5102b3be25 (webtiles) character file.

Game seed: 5533807900641434289

5072 spaghetti the Jinx (level 10, -2/71 HPs)
             Began as a Gnoll Wanderer on May 3, 2022.
             Was a Follower of Hepliaklqana.
             Slain by a yak (16 damage)
             ... on level 8 of the Dungeon.
             The game lasted 00:21:32 (10776 turns).

spaghetti the Jinx (Gnoll Wanderer)                Turns: 10776, Time: 00:21:33

Health: -2/71      AC:  5    Str: 12    XL:     10   Next: 56%
Magic:  5/19       EV: 13    Int: 27    God:    Hepliaklqana [*.....]
Gold:   463        SH:  5    Dex:  9    Spells: 2/21 levels left

rFire   x . .      SeeInvis .   q - +6 quarterstaff (chaos) {staff}
rCold   + . .      Faith    .   (shield currently unavailable)
rNeg    . . .      Spirit   .   c - +0 robe
rPois   .          Reflect  +   (no helmet)
rElec   .          Harm     .   h - +2 cloak
rCorr   .          Rampage  .   (no gloves)
Will    +....                   (no boots)
Stlth   +++.......              F - amulet "Cuegyop" {Reflect Drain Will+ Int+3 Slay+3 SH+5}
HPRegen 0.21/turn               H - ring of Waacledao {Ice Slay+3}
MPRegen 0.16/turn               j - +6 ring of intelligence

@: no status effects
A: reduced essence, fangs 1, strong nose, distributed training
a: Renounce Religion, Recall Ancestor, Ancestor Identity


You were on level 8 of the Dungeon.
You worshipped Hepliaklqana.
Hepliaklqana was aware of your devotion.
You visited 1 branch of the dungeon, and saw 8 of its levels.

You collected 463 gold pieces.


Innate Abilities, Weirdness & Mutations

Your life essence is reduced to manifest your ancestor. (-10% HP)
You have very sharp teeth.
Your uncanny sense of smell can sniff out nearby items.
Your experience applies equally to all skills.


   Skills:
 + Level 7.1 Fighting
 + Level 5.4 Short Blades
 + Level 5.4 Long Blades
 + Level 7.1 Axes
 + Level 5.4 Maces & Flails
 + Level 5.4 Polearms
 + Level 5.4 Staves
 + Level 5.4 Slings
 + Level 5.4 Bows
 + Level 5.4 Crossbows
 + Level 5.4 Throwing
 + Level 5.4 Armour
 + Level 5.4 Dodging
 + Level 5.4 Stealth
 + Level 5.4 Shields
 + Level 5.4 Unarmed Combat
 + Level 6.1 Spellcasting
 + Level 4.4 Conjurations
 + Level 9.9 Hexes
 + Level 4.4 Summonings
 + Level 4.4 Necromancy
 + Level 4.4 Translocations
 + Level 4.4 Transmutations
 + Level 4.4 Fire Magic
 + Level 4.4 Ice Magic
 + Level 4.4 Air Magic
 + Level 4.4 Earth Magic
 + Level 4.4 Poison Magic
 + Level 5.9 Invocations
 + Level 5.4 Evocations


You had 2 spell levels left.
You knew the following spells:

 Your Spells              Type           Power      Damage    Failure   Level
a - Slow                  Hex            100%       N/A       1%          1
b - Confusing Touch       Hex            58%        N/A       1%          3
c - Tukima's Dance        Hex            58%        N/A       1%          3
d - Call Imp              Summ           32%        N/A       1%          2
e - Summon Lightning Spi  Summ/Air       32%        N/A       10%         4
f - Mephitic Cloud        Conj/Pois/Air  32%        N/A       3%          3
g - Ignite Poison         Fire/Tmut/Pois 32%        N/A       3%          3

Your spell library contained the following spells:

 Spells                   Type           Power      Damage    Failure   Level
 Magic Dart               Conj           100%       1d8       1%          1
 Pain                     Necr           100%       1d9       1%          1
 Searing Ray              Conj           64%        2d6       1%          2
 Summon Guardian Golem    Hex/Summ       47%        N/A       1%          3
 Vampiric Draining        Necr           32%        2d8       3%          3
 Fulminant Prism          Conj/Hex       23%        3d13      3%          4
 Airstrike                Air            16%        N/A       10%         4
 Agony                    Necr           32%        N/A       28%         5
 Excruciating Wounds      Necr           16%        N/A       28%         5
 Freezing Cloud           Conj/Ice/Air   24%        6-21      28%         5
 Lightning Bolt           Conj/Air       16%        1d30      28%         5

Inventory:

Hand Weapons
 a - a +1 hand axe {axe}
 k - a +2 whip of venom {mace}
   (You found it on level 1 of the Dungeon)
 q - a +6 quarterstaff of chaos (weapon) {staff}
   (You found it on level 2 of the Dungeon)
Missiles
 e - 252 stones (quivered) {throwing}
 y - 3 boomerangs {throwing}
 D - 28 poisoned darts {throwing}
 E - 3 curare-tipped darts {=fthrowing}
 I - 3 boomerangs of dispersal {=f!fthrowing}
Armour
 c - a +0 robe (worn)
 h - a +2 cloak (worn)
   (You took it off Crazy Yiuf on level 2 of the Dungeon)
Magical Staves
 l - a staff of conjuration {!a@e2staff}
   (You found it on level 2 of the Dungeon)
Jewellery
 f - an amulet of faith {!P}
   (You found it on level 1 of the Dungeon)
 j - a +6 ring of intelligence (right hand)
   (You found it on level 7 of the Dungeon)
 x - an amulet of magic regeneration {@e2}
   (You found it on level 3 of the Dungeon)
 C - a ring of positive energy
   (You found it on level 7 of the Dungeon)
 F - the amulet "Cuegyop" (around neck) {Reflect Drain Will+ Int+3 Slay+3 SH+5}
   (You found it on level 4 of the Dungeon)

   [amulet of reflection]

   It reflects blocked missile attacks.
   Int:       It affects your intelligence (+3).
   Slay:      It affects your accuracy & damage with ranged weapons and melee
   (+3).
   Drain:     It drains your maximum health when unequipped.
   SH:        It affects your SH (+5).
   Will:      It increases your willpower.
 H - the ring of Waacledao (left hand) {Ice Slay+3}
   (You took it off Sigmund on level 5 of the Dungeon)

   [ring of ice]

   It enhances your ice magic.
   Slay:      It affects your accuracy & damage with ranged weapons and melee
   (+3).
   rF:        It makes you vulnerable to fire.
   rC:        It protects you from cold.
 J - a ring of positive energy
   (You found it on level 8 of the Dungeon)
 L - a ring of flight
   (You found it on level 6 of the Dungeon)
Wands
 p - a wand of iceblast (21)
   (You found it on level 2 of the Dungeon)
 v - a wand of charming (10)
   (You took it off a centaur on level 3 of the Dungeon)
 K - a wand of mindburst (8)
   (You found it on level 6 of the Dungeon)
Scrolls
 g - 2 scrolls of teleportation {@r4}
 i - a scroll of poison {!r}
 o - 2 scrolls of immolation {!r!r}
 t - a scroll of fog
 G - a scroll of blinking {!r}
Potions
 b - a potion of attraction {!q}
 d - a potion of magic
 m - 3 potions of heal wounds {@q2}
 n - a potion of curing {@q1}
 r - 2 potions of lignification {!q}
 s - a potion of invisibility
 u - 2 potions of degeneration {!q@e2}
 z - a potion of resistance {unknown}
 A - 5 potions of brilliance {unknown}
 B - 2 potions of might
Miscellaneous
 w - a piece from Xom's chessboard (15/15)
   (You found it on level 3 of the Dungeon)

Dungeon Overview and Level Annotations

Branches:
Dungeon (8/15)             Temple (0/1) D:5
   Lair: D:8-11

Altars:
Cheibriados
Fedhas
Hepliaklqana
Ru
Uskayaw
Wu Jian
Xom
Beogh

Portals:
Abyss: D:7

Annotations:
D:7 2 transporters

.#####........_........
#........#.#.#...#.#.#..
#.######.#.#.##.##.#.#..
#....#.#.......#.#.. #
#.####.####.####.#..
#.###[####...........#..
#........######.#######)
#.....).Y..+ #.......))
#..$...@)..# ##.###.#.)
#.......Y..# .# #....
#.............. .# ####.
#.......Y...... .# #.
#.............. ##
#..............
#..............
#.............. ##


You could see 3 yaks.


Message History

Casting: Tukima's Dance (safe; 1% risk of failure)
Confirm with . or Enter, or press ? or * to list all spells.
Aiming: Tukima's Dance (safe; 1% risk of failure)
Press: ? - help, Shift-Dir - straight line, f - wight, p - wight
Aim: a wight, wielding a +1 long sword of freezing and wearing a +0 robe (heavily damaged, chance to affect: 74%)
The +1 long sword of freezing dances into the air!
Your +0 flail closely misses the wight.
You block the wight's attack. 😎 MP[-3]
You lost 3 mp, and now have 13/19 mp.
You closely miss the wight.
Your +0 flail hits the wight.
A yak comes into view.
The wight barely misses you. 😎 MP[+1]
You sock the wight! You burn the wight.
You destroy the wight!
Your +1 long sword of freezing hits something!!
You feel a bit more experienced.
You sock the wight!
You destroy the wight!
There is an open door here.
Things that are here:
a +0 robe; a +0 robe A yak comes into view.
Your +0 flail hits the yak!
The yak gores your +0 flail.
Casting: Tukima's Dance (safe; 1% risk of failure)
Confirm with . or Enter, or press ? or * to list all spells.
Your hands begin to glow red. 😎 MP[-3]
You lost 3 mp, and now have 11/19 mp.
Unknown command.
You hit the yak but do no damage. You bite the yak.
The yak bellows!
Shunnareh barely misses the yak.
The yak barely misses you. 😎 MP[+1]
You hit the yak but do no damage.
The yak appears confused.
Shunnareh hits the yak.
A yak comes into view. x2
You see here a +0 flail {mace}.
Casting: Confusing Touch (safe; 1% risk of failure)
Confirm with . or Enter, or press ? or * to list all spells.
Your hands begin to glow red.
The yak barely misses Shunnareh. 😎 MP[-3]
You lost 3 mp, and now have 9/19 mp.
Shunnareh hits the yak.
The yak closely misses you.
Unknown command.
You hit the yak but do no damage.
The yak appears confused.
You bite the yak.
The yak closely misses Shunnareh.
Casting: Confusing Touch (safe; 1% risk of failure)
Confirm with . or Enter, or press ? or * to list all spells.
Your hands begin to glow red.
Shunnareh hits the yak!
The yak gores Shunnareh! 😎 MP[-2]
You lost 2 mp, and now have 7/19 mp.
Unknown command.
Unknown command.
Unknown command.
You hit the yak but do no damage.
The yak appears confused.
Shunnareh hits the yak.
The yak gores Shunnareh!
The yak gores the yak!
You block the yak's attack.
You sock the yak! You bite the yak, but do no damage.
Shunnareh hits the yak.
The yak barely misses Shunnareh.
The yak gores you!
The yak completely misses you. 😕 HP[-12]
You take 12 damage, and now have 59/71 hp.
You hit the yak.
The yak is poisoned.
Shunnareh hits the yak.
The yak closely misses Shunnareh.
The yak gores you! 😮 HP[-11]
You take 11 damage, and now have 48/71 hp.
Unknown command.
Unknown command.
You barely miss the yak.
Shunnareh completely misses the yak.
The yak gores Shunnareh.
The yak gores you!
* * * LOW HITPOINT WARNING * * *
😨 HP[-13]
You take 13 damage, and now have 35/71 hp.
Unknown command.
Unknown command.
You thump the yak!
The yak seems to grow stronger.
Shunnareh hits the yak!
The yak gores Shunnareh!
The yak gores the yak.
The yak closely misses you.
The yak gores itself.
The yak gores Shunnareh!
Shunnareh is destroyed!
The yak bellows!
Unknown command.
Unknown command.
Casting: Confusing Touch (safe; 1% risk of failure)
Confirm with . or Enter, or press ? or * to list all spells.
Your hands begin to glow red.
The yak misses you. 😨 MP[-2]
You lost 2 mp, and now have 5/19 mp.
Unknown command.
Unknown command.
You hit the yak but do no damage.
The yak appears confused.
The yak gores you!!
* * * LOW HITPOINT WARNING * * *
😱 HP[-22]
You take 22 damage, and now have 13/71 hp.
MASSIVE DAMAGE!! (PAUSE) Unknown command.
You sock the yak! You freeze the yak.
You kill the yak!
The yak gores you!
You die...

Skill      XL: |  1  2  3  4  5  6  7  8  9 10 |
---------------+-------------------------------+-----
Invocations    | 1 2 3 4 5 |  5.9
Short Blades   | 1 2 3 4 5 |  5.4
Long Blades    | 1 2 3 4 5 |  5.4
Maces & Flails | 1 2 3 4 5 |  5.4
Polearms       | 1 2 3 4 5 |  5.4
Staves         | 1 2 3 4 5 |  5.4
Slings         | 1 2 3 4 5 |  5.4
Bows           | 1 2 3 4 5 |  5.4
Crossbows      | 1 2 3 4 5 |  5.4
Throwing       | 1 2 3 4 5 |  5.4
Armour         | 1 2 3 4 5 |  5.4
Dodging        | 1 2 3 4 5 |  5.4
Stealth        | 1 2 3 4 5 |  5.4
Shields        | 1 2 3 4 5 |  5.4
Unarmed Combat | 1 2 3 4 5 |  5.4
Spellcasting   | 3 4 5 6 |  6.1
Evocations     | 1 2 3 4 5 |  5.4
Conjurations   | 1 2 3 4 |  4.4
Summonings     | 1 2 3 4 |  4.4
Necromancy     | 1 2 3 4 |  4.4
Translocations | 1 2 3 4 |  4.4
Transmutations | 1 2 3 4 |  4.4
Fire Magic     | 1 2 3 4 |  4.4
Ice Magic      | 1 2 3 4 |  4.4
Air Magic      | 1 2 3 4 |  4.4
Earth Magic    | 1 2 3 4 |  4.4
Poison Magic   | 1 2 3 4 |  4.4
Fighting       | 5 6 7 |  7.1
Axes           | 5 6 7 |  7.1
Hexes          | 9 |  9.9

Action                   |  1- 3 |  4- 6 |  7- 9 | 10-12 || total
-------------------------+-------+-------+-------+-------++-------
Melee: Hand axe          |    13 |       |       |       ||    13
       Whip              |    69 |       |       |       ||    69
       Bite              |     8 |     8 |    14 |     7 ||    37
       Quarterstaff      |       |    92 |   162 |    56 ||   310
Throw: Stone             |    18 |    73 |   138 |    55 ||   284
 Cast: Tukima's Dance    |     1 |     1 |    53 |     5 ||    60
       Confusing Touch   |       |     5 |    11 |     7 ||    23
       Slow              |       |     2 |    10 |     7 ||    19
       Summon Lightning  |       |       |     4 |       ||     4
       Call Imp          |       |       |     2 |       ||     2
Evoke: Wand              |       |       |     2 |       ||     2
  Use: Potion            |     2 |       |     2 |       ||     4
       Scroll            |       |     4 |    11 |     4 ||    19
 Stab: Confused          |       |       |     5 |     1 ||     6
       Distracted        |       |       |     1 |       ||     1
       Petrifying        |       |       |     1 |       ||     1
       Paralysed         |       |       |     1 |       ||     1
Armor: Robe              |    11 |    13 |    31 |     5 ||    60
Dodge: Dodged            |    51 |    38 |    97 |    16 ||   202
Block: Other             |       |     2 |    39 |     7 ||    48
       Reflection        |       |       |     1 |       ||     1

Levels and vault maps discovered:
D:1:      lemuel_arrival_room, layout_rooms,
          hellmonk_ecumenical_altar_heavens_door
D:2:      layout_loops_ring, solitary_fountain, uniq_crazy_yiuf_cottage
D:3:      layout_basic, xom_butterflies, nicolae_uskayaw_en_pointe,
          dk_vineyard_3
D:4:      dreamdust_elfheim, layout_loops_corners,
          hangedman_abyss_or_decor_slice, st_stairs_8
D:5:      layout_cave_pools, amcnicky_altar_gilded,
          minmay_temple_entry_proselytizer, portal_sewer_entry_a,
          kennysheep_generic_room_12, uniq_menkaure, uniq_duvessa, uniq_sigmund
D:6:      layout_basic, nicolae_hepliaklqana_hazy_memory, minmay_misc_feat_x
D:7:      gammafunk_beogh_shrine, layout_basic, mainiacjoe_overflow_alcove_1,
          gammafunk_ghost_abyssal_escape, uniq_joseph
D:8:      layout_basic, nicolae_ru_sacrificial_ziggurat,
          nicolae_overflow_hidden_temple, serial_glass, glass_columns_a,
          glass_columns_a

Notes
Turn   | Place    | Note
-------+----------+-------------------------------------------
     0 | D:1      | spaghetti the Gnoll Wanderer began the quest for the Orb.
     0 | D:1      | spaghetti set off with the following items: a +1 hand axe
                  | {axe}, a potion of attraction {!q}, a +0 robe; and the
                  | following spell memorised: Slow; and the following spells
                  | available to memorise: Tukima's Dance, Summon Guardian
                  | Golem
     0 | D:1      | Reached XP level 1. HP: 20/20 MP: 4/4
     0 | D:1      | magus.rc [v1.9.6]
    26 | D:1      | You pick up a book of Debilitation and begin reading...
    26 | D:1      | You add the spells Vampiric Draining and Confusing Touch to
                  | your library.
   358 | D:1      | Found a faded altar of an unknown god.
   563 | D:1      | Reached XP level 2. HP: 21/26 MP: 5/5
   858 | D:2      | Reached XP level 3. HP: 24/31 MP: 7/7
   862 | D:2      | Learned a level 3 spell: Confusing Touch
   866 | D:2      | Learned a level 3 spell: Tukima's Dance
  1384 | D:2      | Reached skill level 1 in Invocations
  1814 | D:2      | Found a runed translucent door.
  1815 | D:2      | Noticed Crazy Yiuf
  1823 | D:2      | Killed Crazy Yiuf
  1824 | D:2      | Reached skill level 1 in Short Blades
  1824 | D:2      | Reached skill level 1 in Long Blades
  1824 | D:2      | Reached skill level 1 in Maces & Flails
  1824 | D:2      | Reached skill level 1 in Polearms
  1824 | D:2      | Reached skill level 1 in Staves
  1824 | D:2      | Reached skill level 1 in Slings
  1824 | D:2      | Reached skill level 1 in Bows
  1824 | D:2      | Reached skill level 1 in Crossbows
  1824 | D:2      | Reached skill level 1 in Throwing
  1824 | D:2      | Reached skill level 1 in Armour
  1824 | D:2      | Reached skill level 1 in Dodging
  1824 | D:2      | Reached skill level 1 in Stealth
  1824 | D:2      | Reached skill level 1 in Shields
  1824 | D:2      | Reached skill level 1 in Unarmed Combat
  1824 | D:2      | Reached skill level 3 in Spellcasting
  1824 | D:2      | Reached skill level 1 in Evocations
  1824 | D:2      | Reached XP level 4. HP: 22/38 MP: 4/8
  2079 | D:3      | Reached skill level 1 in Conjurations
  2079 | D:3      | Reached skill level 1 in Summonings
  2079 | D:3      | Reached skill level 1 in Necromancy
  2079 | D:3      | Reached skill level 1 in Translocations
  2079 | D:3      | Reached skill level 1 in Transmutations
  2079 | D:3      | Reached skill level 1 in Fire Magic
  2079 | D:3      | Reached skill level 1 in Ice Magic
  2079 | D:3      | Reached skill level 1 in Air Magic
  2079 | D:3      | Reached skill level 1 in Earth Magic
  2079 | D:3      | Reached skill level 1 in Poison Magic
  2091 | D:3      | HP: 2/38 [gnoll/+0 flail (8)]
  2473 | D:3      | Reached XP level 5. HP: 43/43 MP: 9/9
  2513 | D:3      | Noticed a +0 short sword
  2514 | D:3      | Noticed a +0 spear
  2516 | D:3      | Noticed a +0 short sword
  2523 | D:3      | Found a hide-covered altar of Uskayaw.
  2523 | D:3      | Noticed a +0 falchion
  2523 | D:3      | Noticed a +0 dagger
  2524 | D:3      | Noticed a +0 dagger
  2597 | D:3      | Noticed a +0 falchion
  2599 | D:3      | Noticed a +0 spear
  2681 | D:3      | Noticed a centaur
  2695 | D:3      | Killed a centaur
  2828 | D:3      | Found a shimmering altar of Xom.
  3183 | D:4      | Reached skill level 2 in Invocations
  3183 | D:4      | Reached XP level 6. HP: 40/50 MP: 10/10
  3717 | D:4      | Reached skill level 5 in Fighting
  3717 | D:4      | Reached skill level 5 in Axes
  3835 | D:4      | Reached skill level 2 in Short Blades
  3835 | D:4      | Reached skill level 2 in Long Blades
  3835 | D:4      | Reached skill level 2 in Maces & Flails
  3835 | D:4      | Reached skill level 2 in Polearms
  3835 | D:4      | Reached skill level 2 in Staves
  3835 | D:4      | Reached skill level 2 in Slings
  3835 | D:4      | Reached skill level 2 in Bows
  3835 | D:4      | Reached skill level 2 in Crossbows
  3835 | D:4      | Reached skill level 2 in Throwing
  3835 | D:4      | Reached skill level 2 in Armour
  3835 | D:4      | Reached skill level 2 in Dodging
  3835 | D:4      | Reached skill level 2 in Stealth
  3835 | D:4      | Reached skill level 2 in Shields
  3835 | D:4      | Reached skill level 2 in Unarmed Combat
  3835 | D:4      | Reached skill level 2 in Evocations
  3839 | D:4      | Identified the amulet "Cuegyop" {Reflect Drain Will+ Int+3
                  | Slay+3 SH+5}
  4245 | D:4      | You pick up a book of Minor Magic and begin reading...
  4245 | D:4      | You add the spells Magic Dart, Call Imp and Mephitic Cloud
                  | to your library.
  4435 | D:5      | Entered Level 5 of the Dungeon
  4442 | D:4      | Reached skill level 9 in Hexes
  4467 | D:5      | Noticed Dowan
  4474 | D:5      | Killed Dowan
  4475 | D:5      | Reached XP level 7. HP: 44/56 MP: 4/12
  4620 | D:5      | Reached skill level 2 in Conjurations
  4620 | D:5      | Reached skill level 2 in Summonings
  4620 | D:5      | Reached skill level 2 in Necromancy
  4620 | D:5      | Reached skill level 2 in Translocations
  4620 | D:5      | Reached skill level 2 in Transmutations
  4620 | D:5      | Reached skill level 2 in Fire Magic
  4620 | D:5      | Reached skill level 2 in Ice Magic
  4620 | D:5      | Reached skill level 2 in Air Magic
  4620 | D:5      | Reached skill level 2 in Earth Magic
  4620 | D:5      | Reached skill level 2 in Poison Magic
  4827 | D:5      | Noticed Duvessa
  4840 | D:5      | Killed Duvessa
  4841 | D:5      | Reached skill level 4 in Spellcasting
  4841 | D:5      | Reached skill level 3 in Invocations
  4971 | D:5      | Identified the ring of Waacledao {Ice Slay+3}
  4971 | D:5      | Noticed Sigmund
  5084 | D:5      | Reached XP level 8. HP: 61/63 MP: 14/14
  5090 | D:5      | Noticed Menkaure
  5095 | D:5      | Killed Menkaure
  5096 | D:5      | Reached skill level 3 in Short Blades
  5096 | D:5      | Reached skill level 3 in Long Blades
  5096 | D:5      | Reached skill level 3 in Maces & Flails
  5096 | D:5      | Reached skill level 3 in Polearms
  5096 | D:5      | Reached skill level 3 in Staves
  5096 | D:5      | Reached skill level 3 in Slings
  5096 | D:5      | Reached skill level 3 in Bows
  5096 | D:5      | Reached skill level 3 in Crossbows
  5096 | D:5      | Reached skill level 3 in Throwing
  5096 | D:5      | Reached skill level 3 in Armour
  5096 | D:5      | Reached skill level 3 in Dodging
  5096 | D:5      | Reached skill level 3 in Stealth
  5096 | D:5      | Reached skill level 3 in Shields
  5096 | D:5      | Reached skill level 3 in Unarmed Combat
  5096 | D:5      | Reached skill level 3 in Evocations
  5103 | D:5      | Killed Sigmund
  5487 | D:5      | Found an ornate altar of the Wu Jian Council.
  6035 | D:5      | Found a staircase to the Ecumenical Temple.
  6046 | D:5      | Reached skill level 4 in Invocations
  6190 | D:5      | Reached skill level 3 in Conjurations
  6190 | D:5      | Reached skill level 3 in Summonings
  6190 | D:5      | Reached skill level 3 in Necromancy
  6190 | D:5      | Reached skill level 3 in Translocations
  6190 | D:5      | Reached skill level 3 in Transmutations
  6190 | D:5      | Reached skill level 3 in Fire Magic
  6190 | D:5      | Reached skill level 3 in Ice Magic
  6190 | D:5      | Reached skill level 3 in Air Magic
  6190 | D:5      | Reached skill level 3 in Earth Magic
  6190 | D:5      | Reached skill level 3 in Poison Magic
  6192 | D:5      | Reached skill level 6 in Fighting
  6192 | D:5      | Reached skill level 6 in Axes
  6354 | D:6      | Reached XP level 9. HP: 28/69 MP: 13/16
  6357 | D:6      | Learned a level 2 spell: Call Imp
  6617 | D:6      | HP: 14/63 [wight/+2 hand axe (6)]
  6618 | D:6      | HP: 4/60 [wight (6)]
  6636 | D:6      | You pick up a book of Storms and begin reading...
  6636 | D:6      | You add the spells Airstrike, Summon Lightning Spire and
                  | Lightning Bolt to your library.
  6640 | D:6      | You pick up a book of Pain and begin reading...
  6640 | D:6      | You add the spells Pain, Agony and Excruciating Wounds to
                  | your library.
  6648 | D:6      | Learned a level 4 spell: Summon Lightning Spire
  6850 | D:6      | Reached skill level 4 in Short Blades
  6850 | D:6      | Reached skill level 4 in Long Blades
  6850 | D:6      | Reached skill level 4 in Maces & Flails
  6850 | D:6      | Reached skill level 4 in Polearms
  6850 | D:6      | Reached skill level 4 in Staves
  6850 | D:6      | Reached skill level 4 in Slings
  6850 | D:6      | Reached skill level 4 in Bows
  6850 | D:6      | Reached skill level 4 in Crossbows
  6850 | D:6      | Reached skill level 4 in Throwing
  6850 | D:6      | Reached skill level 4 in Armour
  6850 | D:6      | Reached skill level 4 in Dodging
  6850 | D:6      | Reached skill level 4 in Stealth
  6850 | D:6      | Reached skill level 4 in Shields
  6850 | D:6      | Reached skill level 4 in Unarmed Combat
  6850 | D:6      | Reached skill level 4 in Evocations
  6855 | D:6      | Reached skill level 5 in Spellcasting
  6983 | D:6      | Noticed a troll
  6997 | D:6      | Noticed a nameless horror
  7001 | D:6      | Killed a nameless horror
  7002 | D:6      | Killed a troll
  7288 | D:6      | Found a hazy altar of Hepliaklqana.
  7321 | D:6      | Became a worshipper of Hepliaklqana the Forgotten
  7831 | D:6      | Reached skill level 5 in Invocations
  8284 | D:7      | Found a transporter.
  8295 | D:7      | Noticed a two-headed ogre
  8297 | D:7      | Found a transporter.
  8297 | D:7      | Noticed a troll
  8302 | D:7      | Noticed a two-headed ogre
  8458 | D:7      | Found a one-way gate to the infinite horrors of the Abyss.
  8458 | D:7      | Reached * piety under Hepliaklqana
  8458 | D:7      | Noticed happo123's ghost (novice TrFi)
  8497 | D:7      | Found a transporter.
  8501 | D:7      | Found a transporter.
  8884 | D:7      | Noticed Joseph
  8897 | D:7      | HP: 7/63 [Joseph (12)]
  8900 | D:7      | Killed Joseph
  8901 | D:7      | Reached skill level 4 in Conjurations
  8901 | D:7      | Reached skill level 4 in Summonings
  8901 | D:7      | Reached skill level 4 in Necromancy
  8901 | D:7      | Reached skill level 4 in Translocations
  8901 | D:7      | Reached skill level 4 in Transmutations
  8901 | D:7      | Reached skill level 4 in Fire Magic
  8901 | D:7      | Reached skill level 4 in Ice Magic
  8901 | D:7      | Reached skill level 4 in Air Magic
  8901 | D:7      | Reached skill level 4 in Earth Magic
  8901 | D:7      | Reached skill level 4 in Poison Magic
  8901 | D:7      | Reached XP level 10. HP: 24/69 MP: 3/18
  9410 | D:7      | Found a blossoming altar of Fedhas.
  9429 | D:7      | Noticed a purple ugly thing
  9444 | D:7      | Killed a purple ugly thing
  9445 | D:7      | Reached skill level 5 in Short Blades
  9445 | D:7      | Reached skill level 5 in Long Blades
  9445 | D:7      | Reached skill level 5 in Maces & Flails
  9445 | D:7      | Reached skill level 5 in Polearms
  9445 | D:7      | Reached skill level 5 in Staves
  9445 | D:7      | Reached skill level 5 in Slings
  9445 | D:7      | Reached skill level 5 in Bows
  9445 | D:7      | Reached skill level 5 in Crossbows
  9445 | D:7      | Reached skill level 5 in Throwing
  9445 | D:7      | Reached skill level 5 in Armour
  9445 | D:7      | Reached skill level 5 in Dodging
  9445 | D:7      | Reached skill level 5 in Stealth
  9445 | D:7      | Reached skill level 5 in Shields
  9445 | D:7      | Reached skill level 5 in Unarmed Combat
  9445 | D:7      | Reached skill level 5 in Evocations
  9461 | D:7      | HP: 13/69 [happo123's ghost (13)]
  9462 | D:7      | Killed happo123's ghost
  9463 | D:7      | Reached skill level 7 in Fighting
  9463 | D:7      | Reached skill level 7 in Axes
  9463 | D:7      | Reached skill level 6 in Spellcasting
 10348 | D:8      | You add the spells Ignite Poison and Freezing Cloud to your
                  | library.
 10355 | D:8      | Learned a level 3 spell: Mephitic Cloud
 10359 | D:8      | Learned a level 3 spell: Ignite Poison
 10659 | D:8      | Found a snail-covered altar of Cheibriados.
 10686 | D:8      | Found a sacrificial altar of Ru.
 10701 | D:8      | You pick up a book of Conjurations {@e2} and begin
                  | reading...
 10701 | D:8      | You add the spells Searing Ray and Fulminant Prism to your
                  | library.
 10775 | D:8      | HP: 13/71 [yak (22)]
 10776 | D:8      | Slain by a yak

Vanquished Creatures
  The ghost of happo123 the Ruffian, a novice TrFi of Ru (D:7)
  An ugly thing (D:7)
  A nameless horror (D:6)
  A troll (D:6)
  A yak (D:8)
  A steam dragon (D:6)
  2 ice beasts
  A black bear (D:6)
  A sky beast (D:6)
  An ogre (D:5)
  2 centaurs
  A kobold brigand (D:8)
  A bullfrog (D:8)
  2 necrophages
  5 scorpions
  4 wights
  4 killer bees (D:7)
  A jelly (D:6)
  Crazy Yiuf (D:2)
  2 hounds
  3 gnoll shamans
  2 orc priests (D:5)
  An ancestor (D:7)
  5 iguanas
  An orc wizard (D:5)
  13 gnolls
  2 river rats (D:5)
  6 adders
  2 shadow imps
  2 white imps
  3 dart slugs
  23 orcs
  3 ball pythons
  5 bats
  2 endoplasms
  3 giant cockroaches
  4 goblins
  5 hobgoblins
  12 jackals
  4 quokkas
  2 frilled lizards
  19 kobolds
  5 rats
  A butterfly (D:3)
162 creatures vanquished.

Vanquished Creatures (collateral kills)
  Joseph (D:7)
  Sigmund (D:5)
  Menkaure (D:5)
  Duvessa (D:5)
  2 ogres (D:5)
  A kobold brigand (D:7)
  3 wights
  Dowan (D:5)
  2 killer bees (D:7)
  A crimson imp (D:7)
  2 orc priests (D:5)
  A jelly (D:8)
  A gnoll shaman (D:6)
  An orc wizard (D:5)
  An adder (D:6)
  6 gnolls
  4 orcs
  2 kobolds
32 creatures vanquished.

Vanquished Creatures (others)
  8 dancing weapons
  2 ancestors
  7 plants (D:6)
17 creatures vanquished.

Grand Total: 211 creatures vanquished

Table legend:
 A = Non-vault XP
 B = Vault XP
 C = Vault XP percentage of total XP
 D = Non-vault monster count
 E = Vault monster count
 F = Vault count percentage of total count
                 A         B        C        D         E       F
            +---------+---------+-------+---------+---------+-------
      Total |    4695 |    2748 |  36.9 |     174 |      19 |   9.8
            +---------+---------+-------+---------+---------+-------
        D:1 |      12 |       0 |   0.0 |       8 |       0 |   0.0
        D:2 |      58 |      42 |  42.0 |      24 |       1 |   4.0
        D:3 |     197 |       0 |   0.0 |      21 |       0 |   0.0
        D:4 |     314 |       3 |   0.9 |      20 |       1 |   4.8
        D:5 |     823 |     842 |  50.6 |      27 |      11 |  28.9
        D:6 |    1744 |       0 |   0.0 |      31 |       0 |   0.0
        D:7 |     840 |    1861 |  68.9 |      24 |       6 |  20.0
        D:8 |     707 |       0 |   0.0 |      19 |       0 |   0.0
            +---------+---------+-------+---------+---------+-------

Illustrated notes

Table legend:
 A = Kills in this place as a percentage of kills in entire the game.
 B = Kills by you in this place as a percentage of kills by you in the entire game.
 C = Kills by friends in this place as a percentage of kills by friends in the entire game.
 D = Other kills in this place as a percentage of other kills in the entire game.
 E = Experience gained in this place as a percentage of experience gained in the entire game.
 F = Experience gained in this place divided by the number of levels of this place that you have seen.
                   A       B       C       D       E      F
               +-------+-------+-------+-------+-------+----------------------
         Total | 100.0 | 100.0 | 100.0 | 100.0 | 100.0 | 930.4
       Dungeon | 100.0 | 100.0 | 100.0 | 100.0 | 100.0 | 930.4
               +-------+-------+-------+-------+-------+----------------------

Table legend: (Time is in decaauts)
 A = Elapsed time spent in this place.
 B = Non-inter-level travel time spent in this place.
 C = Inter-level travel time spent in this place.
 D = Time resting spent in this place.
 E = Time spent auto-exploring this place.
 F = Levels seen in this place.
 G = Mean time per level.
                   A        B        C        D        E       F      G
               +--------+--------+--------+--------+--------+-----+--------+
         Total |  10810 |  10511 |    299 |   2515 |   6550 |   8 | 1351.2 |
       Dungeon |  10810 |  10511 |    299 |   2515 |   6550 |   8 | 1351.2 |
               +--------+--------+--------+--------+--------+-----+--------+

Top non-repeatable levels by time:
     D:7: 1957 daAuts
     D:6: 1904 daAuts
     D:5: 1697 daAuts
     D:4: 1495 daAuts
     D:2: 1256 daAuts
     D:3: 1194 daAuts
     D:1: 723 daAuts
     D:8: 582 daAuts
